 Dungeon Crawl Stone Soup version 0.17-a0-1397-g0eee0a3 (webtiles) character file.

2753 bal the Ducker (level 9, -7/47 HPs)
             Began as a Vine Stalker Monk on June 17, 2015.
             Was a Priest of Qazlal.
             Mangled by an ogre
             ... wielding a +0 giant club
              (25 damage)
             ... on level 10 of the Dungeon.
             The game lasted 00:27:59 (5770 turns).

bal the Ducker (Vine Stalker Monk)                  Turns: 5770, Time: 00:27:59

Health: -7/47      AC:  4    Str: 14    XL:     9   Next: 68%
Magic:  0/14       EV: 18    Int: 12    God:    Qazlal [***...]
Gold:   450        SH:  4    Dex: 20    Spells: 1 memorised, 11 levels left

rFire  . . .     SeeInvis +     a - +5 dagger (venom)
rCold  . . .     Clarity  .     q - +0 robe
rNeg   . . .     SustAt   .     (no shield)
rPois  .         Gourm    .     m - +0 helmet
rElec  .         Spirit   +     w - +0 cloak
rCorr  .         Warding  .     (no gloves)
rMut   .         Stasis   .     (no boots)
MR     ++...                    (no amulet)
Stlth  ++........               E - ring of see invisible
                                n - ring of protection from magic

@: very resistant to hostile enchantments, unstealthy
A: fangs 3, clever 1, regeneration 3, magic shield, antimagic bite, no device
heal 3, rot immunity
a: Upheaval, Elemental Force, Renounce Religion


You were on level 10 of the Dungeon.
You worshipped Qazlal.
Qazlal was most pleased with you.
You were not hungry.

You visited 1 branch of the dungeon, and saw 10 of its levels.

You collected 450 gold pieces.

Inventory:

Hand weapons
 a - a +5 dagger of venom (weapon)
 b - a +0 hunting sling
 g - a +2 dagger of chaos
 p - a +1 scythe of venom
 u - a +3 war axe of flaming
Missiles
 i - 53 sling bullets
 k - 11 poisoned sling bullets
 A - 4 javelins
 B - 5 tomahawks of returning (quivered)
 C - 3 tomahawks
Armour
 m - a +0 helmet (worn)
 q - a +0 robe (worn)
 w - a +0 cloak (worn)
 K - a +1 leather armour of cold resistance
Jewellery
 n - a ring of protection from magic (left hand)
 y - an uncursed ring of positive energy
 E - a ring of see invisible (right hand)
 H - the macabre finger necklace {Ward rN+}
   (You found it on level 8 of the Dungeon)

   [amulet of warding]

   It may prevent the melee attacks of summoned creatures.
   It protects you from negative energy.
Scrolls
 c - 8 scrolls of remove curse
 d - 4 scrolls of identify
 f - 2 scrolls of fear
 F - a scroll of immolation
 G - a scroll of recharging {unknown}
Potions
 e - 6 potions of curing
 j - 2 potions of heal wounds
 x - a potion of might
 D - a potion of agility
 I - a potion of brilliance {unknown}
 J - a potion of magic {unknown}
Books
 o - a book of Death

   Spells                             Type                      Level
   a - Corpse Rot                     Necromancy                   2
   b - Sublimation of Blood           Necromancy                   2
   c - Agony                          Necromancy                   5
   d - Dispel Undead                  Necromancy                   5
   e - Excruciating Wounds            Charms/Necromancy            5
   f - Bolt of Draining               Conjuration/Necromancy       5
 t - a book of Hinderance

   Spells                             Type                      Level
   a - Confusing Touch                Hexes                        2
   b - Confuse                        Hexes                        3
   c - Gell's Gravitas                Hexes/Translocation          3
   d - Petrify                        Transmutation/Earth          4
   e - Metabolic Englaciation         Hexes/Ice                    5
 z - a book of Conjurations

   Spells                             Type                      Level
   a - Magic Dart                     Conjuration                  1
   b - Searing Ray                    Conjuration                  2
   c - Dazzling Spray                 Conjuration/Hexes            3
   d - Fulminant Prism                Conjuration/Hexes            4
   e - Iskenderun's Mystic Blast      Conjuration                  4
   f - Iskenderun's Battlesphere      Conjuration/Charms           5
 L - a book of Maledictions

   Spells                             Type                      Level
   a - Corona                         Hexes                        1
   b - Ensorcelled Hibernation        Hexes/Ice                    2
   c - Confuse                        Hexes                        3
   d - Tukima's Dance                 Hexes                        3
   e - Dazzling Spray                 Conjuration/Hexes            3
Comestibles
 h - 3 meat rations
 l - 5 beef jerkies
 r - 7 bread rations
 s - 4 fruits
 v - 3 slices of pizza


   Skills:
 + Level 5.3 Fighting
 + Level 2.4 Short Blades
 + Level 3.9(4.0) Slings
 + Level 1.0(2.6) Throwing
 + Level 6.9 Dodging
 + Level 5.6 Stealth
 + Level 5.4 Unarmed Combat
 + Level 2.9 Spellcasting
 + Level 2.8 Necromancy
 + Level 1.0 Invocations


You had 11 spell levels left.
You knew the following spells:

 Your Spells              Type           Power        Failure   Level  Hunger
a - Corpse Rot            Necr           N/A          12%         2    ###....


Dungeon Overview and Level Annotations

Branches:
Dungeon (10/15)            Temple (0/1) D:6
   Lair: D:8-11         Orc: D:9-12

Altars:
Ashenzari
Dithmenos
Elyvilon
Fedhas
Gozag
Qazlal
Ru
Sif Muna
Trog
Xom
Yredelemnul
Zin
The Shining One

Shops:
D:7 ?


Innate Abilities, Weirdness & Mutations

You have razor-sharp teeth.
You regenerate.
When hurt, damage is shared between your health and your magic reserves.
Your bite disrupts and absorbs the magic of your enemies.
Potions and wands cannot restore your health.
You are immune to rotting.
Your mind is acute. (Int +2)


Message History

The killer bee is engulfed in dark miasma.
The killer bee looks even sicker.
You kill the killer bee!
Qazlal accepts your kill.
You hear a croak.
The ogre closely misses you.
There is a stone staircase leading down here.
The ogre barely misses you.
You climb downwards.
A jelly comes into view.
The jelly quivers.
Found a runed falchion and a fuming emerald potion.
There is a stone staircase leading up here.
You hit the ogre but do no damage. You completely miss the ogre.
The ogre completely misses you.
You hit the ogre.
The ogre is poisoned.
The ogre is lightly wounded.
The ogre hits you with a giant club!!
Ouch! That really hurt!
You die...

###########
..........#
..J.......#
......ยง@..#
.......O..#
..........#
..........+
.....!.)..#
..........#
..........#
#######+###


You could see an ogre and a jelly.

Vanquished Creatures
  Psyche (D:8)
  Grinder (D:4)
  Sigmund (D:3)
  A spriggan (D:7)
  Eustachio (D:4)
  2 phantoms (D:5)
  An ogre (D:8)
  A centaur (D:7)
  A sky beast (D:6)
  An ice beast (D:8)
  A big kobold (D:8)
  A giant frog (D:6)
  4 killer bees (D:9)
  3 crimson imps (D:8)
  A jelly (D:7)
  A quasit (D:8)
  5 orc wizards
  5 iguanas
  7 orc priests
  Jessica (D:3)
  A hound (D:7)
  A worker ant (D:5)
  A hound skeleton (D:5)
  10 adders
  A river rat (D:3)
  3 gnolls (D:8)
  An ooze (D:3)
  A worm (D:2)
  2 giant geckos
  22 orcs
  A ball python (D:3)
  A bat skeleton (D:8)
  7 giant cockroaches
  11 hobgoblins
  4 jackals (D:8)
  9 kobolds
  4 quokkas
  12 bats
  A giant newt (D:6)
  10 goblins
  A quokka skeleton (D:5)
  15 rats
159 creatures vanquished.

Notes
Turn   | Place    | Note
--------------------------------------------------------------
     0 | D:1      | bal the Vine Stalker Monk began the quest for the Orb.
     0 | D:1      | Reached XP level 1. HP: 11/11 MP: 2/2
   220 | D:1      | Reached XP level 2. HP: 14/16 MP: 3/3
   647 | D:2      | Found a faded altar to an unknown god.
   702 | D:2      | Reached XP level 3. HP: 17/20 MP: 2/4
  1187 | D:2      | Reached XP level 4. HP: 21/24 MP: 5/5
  1389 | D:2      | Found a shattered altar of Ashenzari.
  1412 | D:2      | Found a bloodstained altar of Trog.
  1452 | D:2      | Found a blossoming altar of Fedhas.
  1453 | D:2      | Found a sacrificial altar of Ru.
  1453 | D:2      | Found a shimmering altar of Xom.
  1453 | D:2      | Found a white marble altar of Elyvilon.
  1725 | D:3      | Found a shadowy altar of Dithmenos.
  1752 | D:3      | Noticed Jessica
  1775 | D:3      | Found a basalt altar of Yredelemnul.
  1838 | D:3      | Reached XP level 5. HP: 14/28 MP: 3/6
  1852 | D:3      | Reached skill level 5 in Unarmed Combat
  2188 | D:3      | Killed Jessica
  2358 | D:3      | Found a glowing golden altar of the Shining One.
  2406 | D:3      | Noticed Sigmund
  2451 | D:3      | Killed Sigmund
  2451 | D:3      | Reached skill level 1 in Slings
  2451 | D:3      | Gained mutation: You heal very quickly. [Vine Stalker growth]
  2451 | D:3      | Reached XP level 6. HP: 29/33 MP: 7/7
  2511 | D:3      | Found a glowing silver altar of Zin.
  2735 | D:4      | Noticed Eustachio
  2752 | D:4      | Killed Eustachio
  2752 | D:4      | Reached XP level 7. HP: 37/37 MP: 5/8
  2760 | D:4      | Found a stormy altar of Qazlal.
  2773 | D:4      | Became a worshipper of Qazlal Stormbringer
  2773 | D:4      | Acquired Qazlal's first power
  2773 | D:4      | Acquired Qazlal's second power
  2852 | D:4      | Found an opulent altar of Gozag.
  2873 | D:4      | Noticed Grinder
  2894 | D:4      | Killed Grinder
  2894 | D:4      | Reached skill level 5 in Stealth
  3079 | D:4      | Gained mutation: Your mind is acute. (Int +2) [potion of mutation]
  3079 | D:4      | Gained mutation: You regenerate. [potion of mutation]
  3084 | D:4      | Learned a level 2 spell: Corpse Rot
  3087 | D:5      | Entered Level 5 of the Dungeon
  3140 | D:5      | Gained mutation: You have razor-sharp teeth. [Vine Stalker growth]
  3140 | D:5      | Reached XP level 8. HP: 36/42 MP: 7/9
  3387 | D:5      | Reached skill level 5 in Dodging
  3807 | D:6      | Reached skill level 1 in Short Blades
  4107 | D:6      | Found a staircase to the Ecumenical Temple.
  4203 | D:6      | Acquired Qazlal's third power
  4284 | D:7      | Found Maopn's Magic Scroll Shoppe.
  4389 | D:7      | Reached skill level 5 in Fighting
  4389 | D:7      | Reached skill level 6 in Dodging
  4389 | D:7      | Reached skill level 1 in Spellcasting
  4389 | D:7      | Reached skill level 1 in Necromancy
  4389 | D:7      | Reached XP level 9. HP: 39/47 MP: 11/11
  4408 | D:7      | Identified a scroll of acquirement
  4674 | D:7      | Found a deep blue altar of Sif Muna.
  5086 | D:8      | Noticed Psyche
  5099 | D:8      | Killed Psyche
  5197 | D:8      | Reached skill level 1 in Invocations
  5752 | D:9      | Reached skill level 1 in Throwing
  5767 | D:10     | Entered Level 10 of the Dungeon
  5770 | D:10     | Mangled by an ogre

Vault maps used:
D:1:      minmay_arrival_cross, serial_bayou_lake_a
D:2:      old_standard_altar, minitemple, ecumenical_altar_2,
          serial_park_tiny_pond
D:3:      nicolae_tso_swordbearing_angel, zin_statuary,
          grunt_dithmenos_smoke_and_mirrors, yredelemnul_altar_generic,
          portal_sewer_entry_b, uniq_sigmund, uniq_jessica
D:4:      grunt_qazlal_clouds, grunt_gozag_statues, uniq_eustachio, uniq_grinder
D:5:      wad_lake_hut, first_bread
D:6:      minmay_temple_entry_glassed_door
D:7:      lemuel_coloured_pillars_altar, serial_shops, shop, the_bakery
D:8:      wad_floor_pattern_untrapped, uniq_psyche
D:9:      grunt_potential
D:10:     orc_0_dummy, uniq_erica, uniq_snorg

Action                   |  1- 3 |  4- 6 |  7- 9 || total
-------------------------+-------+-------+-------++-------
Melee: Unarmed           |   135 |    85 |       ||   220
       Dagger            |       |    29 |   256 ||   285
 Fire: Hunting sling     |       |    28 |    18 ||    46
Throw: Tomahawk          |       |       |     4 ||     4
       Javelin           |       |       |     3 ||     3
 Cast: Corpse Rot        |       |       |    15 ||    15
Invok: Upheaval          |       |       |     1 ||     1
  Use: Scroll            |     5 |     1 |    13 ||    19
       Potion            |     1 |     1 |     6 ||     8
 Stab: Sleeping          |     2 |     6 |       ||     8
       Distracted        |       |     2 |       ||     2
       Invisible         |       |       |     1 ||     1
  Eat: Chunk             |     1 |     1 |     3 ||     5
       Bread ration      |       |     1 |     2 ||     3
